 Dungeon Sprint DCSS version 0.22-a0-388-g09e6169 (webtiles) character file.

13 emperorscorpion the Magician (level 2, 0/31 HPs)
             Began as a Gnoll Wizard on Apr 29, 2018.
             Slain by a sky beast (2 damage)
             ... in the Dungeon (Sprint IX: "|||||||||||||||||||||||||||||").
             The game lasted 00:00:25 (82 turns).

emperorscorpion the Magician (Gnoll Wizard)           Turns: 82, Time: 00:00:26

Health: 0/31       AC:  2    Str: 14    XL:     2   Next: 37%
Magic:  7/10       EV: 14    Int: 20    God:
Gold:   0          SH:  0    Dex: 13    Spells: 14/15 levels left

rFire    . . .     SeeInvis .     - Unarmed
rCold    . . .     Gourm    .   (no shield)
rNeg     . . .     Faith    .   a - +0 robe
rPois    .         Spirit   .   b - +0 hat
rElec    .         Reflect  .   (no cloak)
rCorr    .         Harm     .   (no gloves)
MR       .....     NoTele   +   (no boots)
Stlth    ..........             (no amulet)
HPRegen  0.10/turn              (no ring)
MPRegen  0.12/turn              (no ring)

@: berserking, very quick
A: distributed training, fangs 1, strong nose
a: no special abilities


You were in the Dungeon.
You were not hungry.

You visited 1 branch

Inventory:

Armour
 a - a +0 robe (worn)
 b - a +0 hat (worn)
Scrolls
 j - a scroll of blinking
Potions
 e - a potion of curing
 f - a potion of heal wounds
 g - a potion of haste
 h - 2 potions of magic
Comestibles
 c - 3 chunks of flesh
 d - a ration


   Skills:
 + Level 1.3 Fighting
 + Level 1.3 Short Blades
 + Level 1.3 Long Blades
 + Level 1.3 Axes
 + Level 1.3 Maces & Flails
 + Level 1.3 Polearms
 + Level 1.3 Staves
 + Level 1.3 Slings
 + Level 1.3 Bows
 + Level 1.3 Crossbows
 + Level 1.3 Throwing
 + Level 1.3 Armour
 + Level 4.7 Dodging
 + Level 4.3 Stealth
 + Level 1.3 Shields
 + Level 1.3 Unarmed Combat
 + Level 7.2 Spellcasting
 + Level 2.3 Conjurations
 + Level 1.0 Hexes
 + Level 1.0 Charms
 + Level 2.3 Summonings
 + Level 1.0 Necromancy
 + Level 2.3 Translocations
 + Level 1.0 Transmutations
 + Level 1.0 Fire Magic
 + Level 1.0 Ice Magic
 + Level 1.0 Air Magic
 + Level 1.0 Earth Magic
 + Level 1.0 Poison Magic
 + Level 1.4 Invocations
 + Level 1.3 Evocations


You had 14 spell levels left.
You knew the following spells:

 Your Spells              Type           Power        Failure   Level  Hunger
a - Magic Dart            Conj           ###.         3%          1    None


Dungeon Overview and Level Annotations

Branches:
Dungeon (1/1)

Altars:


Innate Abilities, Weirdness & Mutations

Your experience applies equally to all skills.
You have very sharp teeth.
Your uncanny sense of smell can sniff out nearby items.


Message History

The sky beast is lightly wounded.
The sky beast hits you. The sky beast shocks you.
You closely miss the sky beast.
The sky beast is lightly wounded.
You hit the sky beast.
The sky beast is moderately wounded.
The sky beast hits you. The sky beast shocks you.
You barely miss the sky beast.
The sky beast is moderately wounded.
The sky beast flickers out of sight!
Deactivating autopickup; reactivate with Ctrl-A.
Something hits you.
* * * LOW HITPOINT WARNING * * *
Something shocks you.
* * * LOW HITPOINT WARNING * * *
You closely miss something. You punch something! Your bite misses something.
You feel sick.
You are no longer poisoned.
Something hits you.
You die...

∆∆∆∆∆∆∆∆∆
▓▓▓▓▓▓▓▓▓▓▓▓▓▓▓▓▓▓
+..W..'..)..WYa{@▓
▓▓▓▓▓▓▓▓▓▓▓▓▓▓▓▓▓▓


You could see a phantom, an ice beast and a worker ant.

Vanquished Creatures
  An adder (D)
  A jackal (D)
  A frilled lizard (D)
  A goblin (D)
  2 rats (D)
6 creatures vanquished.

Notes
Turn   | Place    | Note
-------+----------+-------------------------------------------
     0 | D        | emperorscorpion the Gnoll Wizard began the quest for the Orb.
     0 | D        | Reached XP level 1. HP: 13/13 MP: 8/8
    62 | D        | Noticed a phantom
    62 | D        | Noticed an ice beast
    62 | D        | Noticed a worker ant
    62 | D        | Noticed a sky beast
    65 | D        | Reached skill level 1 in Fighting
    65 | D        | Reached skill level 1 in Short Blades
    65 | D        | Reached skill level 1 in Long Blades
    65 | D        | Reached skill level 1 in Axes
    65 | D        | Reached skill level 1 in Maces & Flails
    65 | D        | Reached skill level 1 in Polearms
    65 | D        | Reached skill level 1 in Staves
    65 | D        | Reached skill level 1 in Slings
    65 | D        | Reached skill level 1 in Bows
    65 | D        | Reached skill level 1 in Crossbows
    65 | D        | Reached skill level 1 in Throwing
    65 | D        | Reached skill level 1 in Armour
    65 | D        | Reached skill level 1 in Shields
    65 | D        | Reached skill level 1 in Unarmed Combat
    65 | D        | Reached skill level 1 in Hexes
    65 | D        | Reached skill level 1 in Charms
    65 | D        | Reached skill level 1 in Necromancy
    65 | D        | Reached skill level 1 in Transmutations
    65 | D        | Reached skill level 1 in Fire Magic
    65 | D        | Reached skill level 1 in Ice Magic
    65 | D        | Reached skill level 1 in Air Magic
    65 | D        | Reached skill level 1 in Earth Magic
    65 | D        | Reached skill level 1 in Poison Magic
    65 | D        | Reached skill level 1 in Invocations
    65 | D        | Reached skill level 1 in Evocations
    65 | D        | Reached XP level 2. HP: 18/21 MP: 6/10
    82 | D        | Slain by a sky beast

Vault maps used:
D:        linesprint

Skill      XL: |  1 |
---------------+----+-----
Conjurations   | 2 |  2.3
Summonings     | 2 |  2.3
Translocations | 2 |  2.3
Fighting       | 1 |  1.3
Short Blades   | 1 |  1.3
Long Blades    | 1 |  1.3
Axes           | 1 |  1.3
Maces & Flails | 1 |  1.3
Polearms       | 1 |  1.3
Staves         | 1 |  1.3
Slings         | 1 |  1.3
Bows           | 1 |  1.3
Crossbows      | 1 |  1.3
Throwing       | 1 |  1.3
Armour         | 1 |  1.3
Shields        | 1 |  1.3
Unarmed Combat | 1 |  1.3
Hexes          | 1 |  1.0
Charms         | 1 |  1.0
Necromancy     | 1 |  1.0
Transmutations | 1 |  1.0
Fire Magic     | 1 |  1.0
Ice Magic      | 1 |  1.0
Air Magic      | 1 |  1.0
Earth Magic    | 1 |  1.0
Poison Magic   | 1 |  1.0
Invocations    | 1 |  1.4
Evocations     | 1 |  1.3
Dodging        | |  4.7
Stealth        | |  4.3
Spellcasting   | |  7.2

Action                   || total
-------------------------++-------
Melee: Unarmed           ||     6
 Cast: Magic Dart        ||     9
  Use: Potion            ||     1
Dodge: Dodged            ||     3

Table legend:
 A = Spawn XP
 B = Non-spawn XP
 C = Spawn XP percentage of total XP
 D = Spawn monster count
 E = Non-spawn monster count
 F = Spawn count percentage of total count
 G = Total turns spent on level
                    A         B        C        D         E        F      G
               +---------+---------+-------+---------+---------+-------+---------
         Total |       0 |      19 |   0.0 |       0 |       6 |   0.0 |    82
               +---------+---------+-------+---------+---------+-------+---------
             D |       0 |      19 |   0.0 |       0 |       6 |   0.0 |    82
               +---------+---------+-------+---------+---------+-------+---------
